 Dungeon Crawl Stone Soup version 0.30-a0-222-ge547ba4400 (webtiles) character file.

Game seed: 12006595654970430391

737 Aibolit the Cleaver (level 7, 0/61 HPs)
             Began as a Hill Orc Fighter on Oct 8, 2022.
             Was an Initiate of Ashenzari.
             Slain by Sigmund
             ... wielding a +0 scythe
              (2 damage)
             ... while paralysed by Grinder
             ... on level 5 of the Dungeon.
             The game lasted 00:07:39 (3891 turns).

Aibolit the Cleaver (Hill Orc Fighter)              Turns: 3891, Time: 00:07:40

Health: 0/61       AC: 19    Str: 25    XL:     7   Next: 75%
Magic:  7/7        EV:  2    Int:  8    God:    Ashenzari [......]
Gold:   200        SH:  0    Dex: 10    Spells: 6/6 levels left

rFire   . . .      SeeInvis .    q - +5 hand axe of Collusion {protect, Str+4}
rCold   + . .      Faith    .    c - +0 buckler
rNeg    . . .      Spirit   .    x - +0 plate armour
rPois   .          Reflect  .    (no helmet)
rElec   .          Harm     .    (no cloak)
rCorr   .          Rampage  .    (no gloves)
Will    .....                    (no boots)
Stlth   ..........               (no amulet)
HPRegen 0.30/turn                s - ring of protection from cold
MPRegen 0.10/turn                (no ring)

@: paralysed, mighty, under a protective aura
A: no striking features
a: Renounce Religion, Curse Item


You were on level 5 of the Dungeon.
You worshipped Ashenzari.
Ashenzari was noncommittal.
You visited 1 branch of the dungeon, and saw 5 of its levels.

You collected 200 gold pieces.

Inventory:

Hand Weapons
 q - the +5 hand axe of Collusion (weapon) {protect, Str+4}
   (You found it on level 3 of the Dungeon)

   It grants its wielder temporary protection when it strikes (+7 to AC).
   Str:       It affects your strength (+4).
Armour
 c - a +0 buckler (worn)
 x - a +0 plate armour (worn)
Jewellery
 s - a ring of protection from cold (left hand)
Wands
 u - a wand of polymorph (7)
 z - a wand of charming (10)
Scrolls
 b - a scroll of amnesia {unknown}
 e - 3 scrolls of butterflies
 f - 3 scrolls of poison {unknown}
 g - 4 scrolls of identify
 h - a scroll of fear {unknown}
 j - a scroll of acquirement {unknown}
 l - 2 scrolls of teleportation
 n - 3 scrolls of magic mapping {unknown}
 o - a scroll of enchant armour {unknown}
 p - a scroll of enchant weapon {unknown}
 t - a scroll of vulnerability {unknown}
 v - a scroll of torment {unknown}
 y - a scroll of silence {unknown}
 A - a scroll of summoning {unknown}
Potions
 a - a potion of attraction {unknown}
 d - a potion of might
 i - 2 potions of mutation {unknown}
 k - 2 potions of curing
 m - a potion of invisibility {unknown}
 r - 2 potions of magic {unknown}
 w - a potion of heal wounds {unknown}


   Skills:
 + Level 5.0 Fighting
 + Level 8.2 Axes
 + Level 5.1 Armour
 + Level 1.1 Dodging
 + Level 0.3 Stealth
 + Level 4.3 Shields


You had 6 spell levels left.
You didn't know any spells.
Your spell library contained the following spells:

 Spells                   Type           Power      Damage    Failure   Level
 Freeze                   Ice            0%         1d3       100%        1
 Cigotuvi's Dreadful Rot  Necr/Pois/Air  0%         N/A       100%        2
 Dazzling Flash           Conj/Hex       0%         N/A       100%        3
 Frozen Ramparts          Ice            0%         1d1       100%        3
 Hailstorm                Conj/Ice       0%         3d3       100%        3
 Summon Guardian Golem    Hex/Summ       0%         N/A       100%        3
 Dispel Undead            Necr           0%         3d6       100%        4
 Agony                    Necr           0%         N/A       100%        5
 Silence                  Hex/Air        0%         N/A       100%        5
 Death Channel            Necr           0%         N/A       100%        6
 Orb of Destruction       Conj           0%         9d5       100%        7
 Spellforged Servitor     Conj/Summ      0%         N/A       100%        7


Dungeon Overview and Level Annotations

Branches:
Dungeon (5/15)
 Temple: D:4-7

Altars:
Ashenzari

Portals:
Ossuary: D:5

Annotations:
D:5 1 runed translucent door, Grinder; Sigmund; anet's ghost, weakling GnDe


Message History

You hear some strange, mumbled words.
A puff of flame appears from out of thin air!
The puff of flame hits you but does no damage.
The gnoll hits you but does no damage.
You are too injured to fight recklessly!
Something hits you but does no damage. The gnoll closely misses you.
You are too injured to fight recklessly!
You are too injured to fight recklessly!
You slash the gnoll!
You kill the gnoll!
Grinder says, "Wait up."
Something hits you!
You are too injured to fight recklessly!
You are too injured to fight recklessly!
Grinder hits you!
* * * LOW HITPOINT WARNING * * *
You writhe in agony.
* * * LOW HITPOINT WARNING * * *
Things that are here:
a +0 whip; a gnoll corpse You are too injured to fight recklessly!
You are too injured to fight recklessly!
You are too injured to fight recklessly!
You are too injured to fight recklessly!
You slash Grinder!
Grinder is moderately wounded.
You hit something. Grinder hits you.
* * * LOW HITPOINT WARNING * * *
Something hits you but does no damage.
You are too injured to fight recklessly!
You slash Grinder!
Grinder is severely wounded.
You hit something. Grinder gestures at you.
You suddenly lose the ability to move!
Something hits you.
* * * LOW HITPOINT WARNING * * *
Anet's ghost screams, "Zot is a myth, the ORB is a fable, you'll soon be a tale!"
Grinder hits you but does no damage. Grinder hits you but does no damage.
Something hits you.
You die...

.......## ......... ...
## ......... ..###♣8♣# ..
.......... ...#W(.# ...
.......... # ..##+###...
###.......#. .....#.... .
#....#.... .....=. .
..##.##..## ##5..# ..
##...##..... ##{@)# #...
#..........###.)).#.....
........<.......)........
...##...............##..
.##.......##.........#
.#...................#
.............(..###..#
................# #.#
...........##....# .#


You could see Grinder and anet's ghost.

Vanquished Creatures
  2 black bears
  A necrophage (D:4)
  An orc priest (D:4)
  2 jellies
  A hound (D:5)
  A gnoll bouda (D:5)
  Jessica (D:2)
  5 iguanas
  5 gnolls
  4 adders
  A shadow imp (D:5)
  2 worms (D:2)
  3 dart slugs
  8 orcs
  4 endoplasms
  2 giant cockroaches
  9 goblins
  10 hobgoblins
  3 jackals (D:2)
  3 quokkas (D:1)
  5 ball pythons
  4 bats
  2 frilled lizards (D:2)
  6 kobolds
  6 rats
91 creatures vanquished.

Notes
Turn   | Place    | Note
-------+----------+-------------------------------------------
     0 | D:1      | Aibolit the Hill Orc Fighter began the quest for the Orb.
     0 | D:1      | Reached XP level 1. HP: 19/19 MP: 1/1
   349 | D:1      | Reached skill level 3 in Axes
   349 | D:1      | Reached XP level 2. HP: 27/27 MP: 2/2
  1030 | D:2      | Noticed Jessica
  1034 | D:2      | Reached XP level 3. HP: 33/33 MP: 3/3
  1038 | D:2      | Killed Jessica
  1121 | D:2      | Reached skill level 4 in Axes
  1210 | D:2      | Reached XP level 4. HP: 40/40 MP: 4/4
  1958 | D:3      | Reached XP level 5. HP: 44/46 MP: 5/5
  2220 | D:3      | Reached skill level 5 in Axes
  2274 | D:3      | Identified the +5 hand axe of Collusion {protect, Str+4}
  2416 | D:3      | Found a faded altar of an unknown god.
  2441 | D:3      | Prayed at the altar of an unknown god.
  2441 | D:3      | Became a worshipper of Ashenzari the Shackled
  2871 | D:4      | Reached XP level 6. HP: 42/52 MP: 6/6
  2915 | D:4      | Identified the +9 spear "Hill Orc's Bane" {flame, rElec
                  | Will+ rCorr}
  2978 | D:4      | Reached skill level 6 in Axes
  3048 | D:4      | Noticed a black bear
  3060 | D:4      | Killed a black bear
  3061 | D:4      | Reached skill level 1 in Dodging
  3334 | D:5      | Entered Level 5 of the Dungeon
  3345 | D:5      | Reached skill level 7 in Axes
  3345 | D:5      | Reached XP level 7. HP: 51/60 MP: 7/7
  3385 | D:5      | Found a sand-covered staircase.
  3437 | D:5      | Reached skill level 5 in Armour
  3454 | D:5      | Reached skill level 5 in Fighting
  3625 | D:5      | Noticed Grinder
  3859 | D:5      | Found a runed translucent door.
  3861 | D:5      | Noticed anet's ghost (weakling GnDe)
  3862 | D:5      | Noticed Sigmund
  3869 | D:5      | Paralysed by Grinder for 3 turns
  3874 | D:5      | Reached skill level 8 in Axes
  3889 | D:5      | Paralysed by Grinder for 3 turns
  3889 | D:5      | HP: 2/61 [something (5)]
  3891 | D:5      | Slain by Sigmund

Illustrated notes

Levels and vault maps discovered:
D:1:      tarquinn_simple_flora_water_d, layout_basic
D:2:      kennysheep_six_static_rooms, layout_basic, uniq_jessica
D:3:      layout_basic, chequers_ecumenical_altar_simple
D:4:      layout_cave_pools
D:5:      minmay_chambers_of_fours, layout_cave_pools,
          minmay_temple_entry_enclosed_plants, nicolae_ossuary_entry_ruins,
          gammafunk_ghost_grave, minmay_manual_maat, uniq_sigmund, uniq_grinder

Skill      XL: |  1  2  3  4  5  6  7 |
---------------+----------------------+-----
Axes           | 3 4 5 7 8 |  8.2
Shields        | 4 |  4.3
Fighting       | 4 5 |  5.0
Armour         | 4 5 |  5.1
Dodging        | 1 |  1.1
Stealth        | |  0.3

Action                   |  1- 3 |  4- 6 |  7- 9 || total
-------------------------+-------+-------+-------++-------
Melee: War axe           |    62 |    72 |       ||   134
       Hand axe          |       |    62 |    54 ||   116
  Use: Scroll            |     1 |     2 |     1 ||     4
       Potion            |       |       |     1 ||     1
Armor: Scale mail        |    20 |    79 |       ||    99
       Plate armour      |       |     6 |    49 ||    55
Dodge: Dodged            |    26 |    67 |    21 ||   114
Block: Buckler           |    15 |    31 |    13 ||    59

Table legend: (Time is in decaauts)
 A = Elapsed time spent in this place.
 B = Non-inter-level travel time spent in this place.
 C = Inter-level travel time spent in this place.
 D = Time resting spent in this place.
 E = Time spent auto-exploring this place.
 F = Levels seen in this place.
 G = Mean time per level.
                   A        B        C        D        E       F      G
               +--------+--------+--------+--------+--------+-----+--------+
         Total |   3938 |   3676 |    262 |    459 |   2577 |   5 |  787.6 |
       Dungeon |   3938 |   3676 |    262 |    459 |   2577 |   5 |  787.6 |
               +--------+--------+--------+--------+--------+-----+--------+

Top non-repeatable levels by time:
     D:2: 1160 daAuts
     D:1: 1001 daAuts
     D:4: 680 daAuts
     D:5: 555 daAuts
     D:3: 540 daAuts
